 Dungeon Crawl Stone Soup version 0.27-a0-1277-g3808f8b1c9 (webtiles) character file.

Game seed: 15992720667304872841

126757 MordorOrchid the Eclecticist (level 17, -12/121 HPs)
             Began as a Djinni Air Elementalist on June 11, 2021.
             Was the Champion of Makhleb.
             Killed from afar by a manticore (16 damage)
             ... with a volley of spikes
             ... on level 4 of the Shoals on June 12, 2021.
             The game lasted 02:50:18 (38273 turns).

MordorOrchid the Eclecticist (DjAE)                Turns: 38273, Time: 02:50:18

Health: -12/121    AC: 16    Str:  8    XL:     17   Next: 54%
Gold:   1450       EV: 17    Int: 21    God:    Makhleb [******] SH: 12 Dex: 16

rFire    + + .     SeeInvis +   a - +4 scimitar (flame)
rCold    + . .     Faith    .   Z - +2 buckler {rC+ rF+}
rNeg     . . .     Spirit   .   i - +0 troll leather armour
rPois    ∞         Reflect  +   g - +1 helmet {SInv}
rElec    .         Harm     .   U - +2 cloak {Will+}
rCorr    .         Rampage  .   D - +1 pair of gloves
Will     ++...                  (boots unavailable)
Stlth    ++........             l - amulet of reflection
HPRegen  1.30/turn              N - ring of ice
MPRegen  0.00/turn              X - +4 ring of protection

@: death channeling, spiked, flying
A: sickness immunity, fire resistance 2, cold vulnerability 1, float, innate
caster, hp casting, extra vitality 1
a: Renounce Religion, Minor Destruction, Lesser Servant of Makhleb, Major
Destruction, Greater Servant of Makhleb


You were on level 4 of the Shoals.
You worshipped Makhleb.
Makhleb was exalted by your worship.
You visited 5 branches of the dungeon, and saw 25 of its levels.
You also visited: Sewer and Ice Cave.

You collected 2862 gold pieces.
You spent 1412 gold pieces at shops.

Inventory:

Hand Weapons
 a - a +4 scimitar of flaming (weapon)
Missiles
 e - 6 silver javelins (quivered)
 t - 18 javelins
 w - 42 boomerangs
 I - 4 throwing nets
 V - 11 curare-tipped darts
Armour
 g - a +1 helmet of see invisible (worn)
 i - a +0 troll leather armour (worn)
 D - a +1 pair of gloves (worn)
 S - a +2 helmet of intelligence
 U - a +2 cloak of willpower (worn)
 Z - a +2 buckler of resistance (worn)
Jewellery
 l - an amulet of reflection (around neck)
 C - a ring of protection from fire
 N - a ring of ice (left hand)
 X - a +4 ring of protection (right hand)
Wands
 d - a wand of flame (23)
 u - a wand of polymorph (14)
 y - a wand of iceblast (39)
 B - a wand of acid (46)
 F - a wand of charming (21)
 L - a wand of mindburst (24)
 M - a wand of paralysis (20)
Scrolls
 b - 6 scrolls of teleportation
 k - 3 scrolls of blinking
 n - a scroll of holy word
 x - 2 scrolls of identify
 E - 4 scrolls of immolation
 H - a scroll of summoning
 K - 2 scrolls of magic mapping
 Q - a scroll of fear
Potions
 c - 12 potions of curing
 f - 3 potions of berserk rage
 h - a potion of cancellation
 j - 4 potions of resistance
 o - 4 potions of brilliance
 q - 5 potions of heal wounds
 v - 7 potions of might
 z - a potion of attraction
 P - 3 potions of ambrosia
 W - 2 potions of haste
Miscellaneous
 A - a piece from Xom's chessboard (15/15)
 G - a phial of floods
 O - a lightning rod (4/4)


   Skills:
 * Level 10.8 Fighting
 * Level 5.0 Throwing
 - Level 6.2 Armour
 * Level 11.7 Dodging
 - Level 3.0 Stealth
 - Level 4.0 Shields
 + Level 15.4 Spellcasting
 * Level 8.6 Invocations
 * Level 10.4 Evocations


You couldn't memorise any spells.
You knew the following spells:

 Your Spells              Type           Power      Damage    Failure   Level
a - Shock                 Conj/Air       100%       1d9       0%          1
b - Call Imp              Summ           69%        N/A       0%          2
d - Lesser Beckoning      Tloc           34%        N/A       1%          3
e - Spider Form           Tmut/Pois      34%        N/A       1%          3
f - Lightning Bolt        Conj/Air       34%        1d52      1%          5
g - Yara's Violent Unrav  Hex/Tmut       34%        3d14      1%          5
h - Bolt of Magma         Conj/Fire/Erth 34%        4d15      1%          5
r - Static Discharge      Conj/Air       69%        N/A       0%          2
t - Airstrike             Air            34%        N/A       1%          4
u - Animate Skeleton      Necr           100%       N/A       0%          1
v - Death Channel         Necr           34%        N/A       1%          6
R - Conjure Ball Lightni  Conj/Air       34%        3x3d11    1%          6
W - Swiftness             Air            69%        N/A       1%          3
Your spell library was empty.

Dungeon Overview and Level Annotations

Branches:
Dungeon (12/15)            Temple (1/1) D:5            Lair (6/6) D:9
 Shoals (4/4) Lair:2        Snake (0/4) Lair:3        Slime (0/5) Lair:5
    Orc (2/2) D:11            Elf (0/3) Orc:2         Sewer (visited)
  IceCv (visited)

Altars:
Ashenzari
Cheibriados
Dithmenos
Elyvilon
Fedhas
Gozag
Hepliaklqana
Kikubaaqudgha
Makhleb
Nemelex Xobeh
Okawaru
Qazlal
Ru
Sif Muna
Trog
Uskayaw
Vehumet
Wu Jian
Xom
Yredelemnul
Zin
The Shining One
Beogh

Shops:
D:8 (   D:10 !   D:12 ?   Orc:1 !   Orc:2 *[(*   Shoals:1 [

Annotations:
D:4 Dowan, Duvessa
D:12 Rupert
Shoals:1 1 runed translucent door, Zogoutz's ghost, adept MiFi


Innate Abilities, Weirdness & Mutations

You are immune to sickness and miasma.
You are immune to poison.
Your flesh is very heat resistant. (rF++)
You are vulnerable to cold. (rC-)
You float through the air rather than walking.
You learn spells naturally, not from books.
Your magical power is your life essence.
You have superior vitality. (+4 HP)


Message History

* * * LOW HITPOINT WARNING * * *
Unknown command.
Unknown command.
Unknown command.
Unknown command.
Unknown command.
Unknown command.
Casting: Airstrike (safe; 1% risk of failure)
Confirm with . or Enter, or press ? or * to list all spells.
Aiming: Airstrike (safe; 1% risk of failure)
Press: ? - help, Dir - move target, f/p - frost giant
Aim: a frost giant, wielding a +2 battleaxe of freezing (almost dead, ally target)
The air twists around and strikes the frost giant!
The frost giant is almost dead.
* * * LOW HITPOINT WARNING * * *
The merfolk impaler hits you from afar with a +0 demon trident of freezing.
* * * LOW HITPOINT WARNING * * *
Your merfolk javelineer skeleton hits the frost giant from afar with a +0 spear.
The frost giant hits your spectral merfolk with a +2 battleaxe of freezing!
The frost giant freezes your spectral merfolk.
The merfolk impaler hits you from afar with a +0 demon trident of freezing!
* * * LOW HITPOINT WARNING * * *
The merfolk impaler freezes you.
* * * LOW HITPOINT WARNING * * *
Your spectral merfolk hits the frost giant but does no damage.
Unknown command.
Unknown command.
Unknown command.
Unknown command.
Unknown command.
Unknown command.
You block the merfolk impaler's attack.
Your merfolk javelineer skeleton hits the frost giant from afar with a +0 spear!
The frost giant dies!
Makhleb accepts your kill.
A glowing mist starts to gather...
The manticore flicks its tail.
The volley of spikes hits you!
The barbed spikes become lodged in your body.
You die...

≈≈≈ ....$...≈≈≈≈≈≈≈
≈≈≈
..........≈≈≈≈≈≈
≈≈≈
..H........≈≈≈≈≈
≈≈≈
............≈≈≈≈
..........)..≈≈≈
..............≈≈
.............)≈≈
.......@.m..≈≈≈≈
.###.).).###.≈≈
#..Z..## ≈ ####Z..#
≈≈ #####)..#### ≈≈≈
.....)..))..# ≈≈≈≈
.........()Z##..≈≈≈
........(.(.≈m..≈≈≈
..........)<≈m≈≈≈≈≈


You could see a merfolk impaler, a manticore, a friendly spectral merfolk and a
friendly merfolk javelineer skeleton.

Vanquished Creatures
  Nikola (Shoals:2)
  Polyphemus (Shoals:2)
  Ilsuiw (Shoals:2)
  A frost giant (IceCv)
  2 orc warlords
  The ghost of Leupn the Thaumaturge, a journeyman GnSk of Okawaru (Lair:3)
  3 merfolk javelineers
  An ettin (Orc:2)
  A fire dragon (Lair:6)
  3 merfolk impalers
  Harold (D:7)
  6 hydras
  3 catoblepae
  A merfolk avatar (Shoals:1)
  An alligator snapping turtle (Shoals:3)
  An alligator (Lair:6)
  2 death yaks (Shoals:2)
  2 two-headed ogres
  A tengu warrior (D:12)
  Urug (Lair:1)
  4 orc high priests
  8 sea snakes
  A swamp dragon (Lair:6)
  A lindwurm (Lair:6)
  3 harpies
  An orc knight (Orc:1)
  4 orc sorcerers
  2 oklob plants (Lair:3)
  10 fauns
  Maurice (D:11)
  9 manticores
  2 cyclopes
  11 elephants
  A water nymph (Shoals:3)
  9 merfolk sirens
  3 black mambas
  An ice statue (IceCv)
  A torpor snail (Lair:2)
  9 cane toads
  3 gargoyles (D:11)
  10 komodo dragons
  10 rime drakes
  2 wind drakes
  7 trolls
  20 merfolk
  22 polar bears
  2 hornets
  2 raiju (Lair:6)
  11 snapping turtles
  16 blink frogs
  A spectral dream sheep (Lair:3)
  11 dream sheep
  A spriggan (Lair:2)
  2 wraiths (D:12)
  A shadow (D:11)
  7 water elementals
  12 wyverns
  60 yaks
  A fire bat (D:7)
  7 basilisks
  A steam dragon (Lair:6)
  A catoblepas simulacrum (Lair:3)
  6 vampire mosquitoes
  10 wargs
  19 water moccasins
  13 hell hounds
  2 acid dragons
  4 nagas (Lair:3)
  An ice beast (D:6)
  A hornet zombie (D:7)
  5 ogres
  41 orc warriors
  12 black bears
  A black mamba simulacrum (Lair:3)
  2 necrophages (D:7)
  22 wolves
  11 centaurs
  A phantom (D:7)
  2 kobold brigands
  Blork the orc (D:6)
  18 bullfrogs
  3 gnoll sergeants
  2 cane toad simulacra (Lair:3)
  A water moccasin zombie (D:7)
  2 scorpions
  2 wyvern zombies (D:7)
  8 killer bees
  8 wights
  An electric eel (Lair:5)
  3 centaur zombies
  A jelly (D:6)
  28 orc priests
  4 hounds
  A human zombie (D:7)
  A gnoll shaman (D:9)
  Crazy Yiuf (D:7)
  8 iguanas
  15 orc wizards
  6 hell rats (Lair:5)
  2 killer bee zombies
  3 mummies (D:7)
  A howler monkey zombie (D:7)
  Robin (D:2)
  17 gnolls
  11 adders
  13 white imps
  2 worms
  A dart slug (D:4)
  96 orcs
  5 bats
  12 endoplasms
  4 giant cockroaches
  9 goblins
  16 hobgoblins
  11 jackals
  7 quokkas
  9 ball pythons
  9 frilled lizards
  16 kobolds
  4 rats
  A bush (D:11)
842 creatures vanquished.

Vanquished Creatures (collateral kills)
  A frost giant (Shoals:4)
  4 merfolk impalers (Shoals:4)
  2 merfolk avatars
  3 merfolk aquamancers
  A sea snake (Shoals:4)
  A spectral hydra (Lair:3)
  2 harpies
  A faun (Shoals:2)
  3 manticores
  2 cane toads (Lair:4)
  A rime drake (Lair:5)
  A polar bear (IceCv)
  8 merfolk
  2 blink frogs (Lair:4)
  2 water elementals
  4 yaks (Lair:2)
  2 basilisks
  A hell hound (Lair:6)
  2 water moccasins
  4 orc warriors (Orc:1)
  A centaur (Shoals:4)
  A wight (D:8)
  A jelly (D:5)
  2 hounds
  An iguana (D:5)
  A killer bee zombie (D:6)
  2 adders
  An ufetubus (D:4)
  9 orcs (Orc:1)
  2 giant cockroaches (D:4)
68 creatures vanquished.

Vanquished Creatures (others)
  A ball lightning (Shoals:3)
  2 bushes
  68 fungi
  161 plants
232 creatures vanquished.

Grand Total: 1142 creatures vanquished

Notes
Turn   | Place    | Note
-------+----------+-------------------------------------------
     0 | D:1      | MordorOrchid the Djinni Air Elementalist began the quest
                  | for the Orb.
     0 | D:1      | Reached XP level 1. HP: 15/15 MP: 0/0
   249 | D:1      | Reached XP level 2. HP: 15/22 MP: 0/0
   821 | D:1      | Reached XP level 3. HP: 18/26 MP: 0/0
   821 | D:1      | Learned a level 1 spell: Animate Skeleton
  1658 | D:2      | Reached skill level 1 in Fighting
  1658 | D:2      | Reached skill level 3 in Spellcasting
  1832 | D:2      | Found a faded altar of an unknown god.
  1926 | D:2      | Reached XP level 4. HP: 29/32 MP: 0/0
  2095 | D:2      | Noticed Robin
  2107 | D:2      | Killed Robin
  2796 | D:3      | Reached XP level 5. HP: 33/37 MP: 0/0
  2796 | D:3      | Learned a level 2 spell: Call Imp
  3428 | D:4      | Noticed a water moccasin
  3453 | D:4      | Killed a water moccasin
  3454 | D:4      | Reached XP level 6. HP: 31/43 MP: 0/0
  3987 | D:4      | Reached skill level 4 in Spellcasting
  4275 | D:4      | Noticed Dowan
  4279 | D:4      | Reached XP level 7. HP: 42/49 MP: 0/0
  4279 | D:4      | Learned a level 3 spell: Lesser Beckoning
  4607 | D:4      | Noticed Duvessa
  4694 | D:5      | Entered Level 5 of the Dungeon
  4808 | D:5      | Reached skill level 1 in Evocations
  4937 | D:5      | Found a staircase to the Ecumenical Temple.
  4946 | Temple   | Entered the Ecumenical Temple
  4985 | Temple   | Became a worshipper of Makhleb the Destroyer
  5079 | D:5      | Noticed a water moccasin
  5095 | D:5      | Killed a water moccasin
  5635 | D:6      | Reached skill level 5 in Spellcasting
  5635 | D:6      | Reached XP level 8. HP: 36/56 MP: 0/0
  5699 | D:6      | Found a glowing drain.
  5965 | Sewer    | Entered a sewer
  6023 | Sewer    | Reached * piety under Makhleb
  6626 | D:6      | Noticed Blork the orc
  6634 | D:6      | Killed Blork the orc
  6963 | D:6      | Reached skill level 6 in Spellcasting
  7279 | D:6      | You are sucked into a shaft and drop 2 floors!
  7288 | D:8      | Noticed a yak
  7298 | D:8      | Noticed a hornet
  7302 | D:8      | Reached ** piety under Makhleb
  7303 | D:8      | Reached XP level 9. HP: 59/62 MP: 0/0
  7303 | D:8      | Learned a level 3 spell: Spider Form
  7306 | D:8      | Killed a hornet
  7307 | D:8      | Reached skill level 5 in Dodging
  7307 | D:8      | Reached skill level 1 in Shields
  7700 | D:8      | Found Qaemu's Antique Weapon Shoppe.
  7825 | D:7      | Noticed Prince Ribbit
  7847 | D:7      | Noticed Prince Ribbit
  7847 | D:7      | Prince Ribbit changed into Prince Ribbit the fire bat
  7849 | D:7      | Killed Prince Ribbit the fire bat
  7850 | D:7      | Reached skill level 7 in Spellcasting
  8392 | D:7      | Found a basalt altar of Yredelemnul.
  8814 | D:7      | Reached XP level 10. HP: 27/69 MP: 0/0
  9129 | D:7      | Reached skill level 5 in Fighting
  9853 | D:7      | Reached skill level 8 in Spellcasting
 10051 | D:7      | Noticed Harold
 10481 | D:7      | Found a runed translucent door.
 10482 | D:7      | Noticed Crazy Yiuf
 10502 | D:7      | Killed Crazy Yiuf
 10594 | D:7      | Killed Harold
 11271 | D:8      | Reached skill level 5 in Evocations
 11498 | D:8      | Reached XP level 11. HP: 63/76 MP: 0/0
 11498 | D:8      | Learned a level 5 spell: Yara's Violent Unravelling
 11844 | D:8      | Reached *** piety under Makhleb
 12277 | D:9      | Reached skill level 9 in Spellcasting
 12663 | D:9      | Found a staircase to the Lair.
 12691 | D:9      | Noticed a two-headed ogre
 12697 | D:9      | Killed a two-headed ogre
 13177 | D:10     | Entered Level 10 of the Dungeon
 13492 | D:10     | Noticed a two-headed ogre
 13497 | D:10     | Killed a two-headed ogre
 13498 | D:10     | Reached skill level 1 in Invocations
 13696 | D:10     | Found Gofit's Distillery.
 14173 | D:11     | Noticed Maurice
 14179 | D:11     | Killed Maurice
 14180 | D:11     | Reached skill level 10 in Spellcasting
 14579 | D:11     | Noticed a manticore
 14583 | D:11     | Killed a manticore
 14586 | D:11     | Noticed a manticore
 14586 | D:11     | Noticed a manticore
 15165 | D:11     | Killed a manticore
 15166 | D:11     | Reached XP level 12. HP: 70/84 MP: 0/0
 16365 | D:11     | Reached **** piety under Makhleb
 16450 | D:11     | Found a staircase to the Orcish Mines.
 16815 | D:12     | Noticed Rupert
 17033 | D:12     | Found Nelahubb's Magic Scroll Boutique.
 17041 | D:12     | Bought a scroll of blinking for 105 gold pieces
 17041 | D:12     | Bought a scroll of magic mapping for 49 gold pieces
 17041 | D:12     | Bought a scroll of blinking for 105 gold pieces
 17041 | D:12     | Bought a scroll of teleportation for 42 gold pieces
 17041 | D:12     | Bought a scroll of identify for 28 gold pieces
 17041 | D:12     | Bought a scroll of identify for 28 gold pieces
 17041 | D:12     | Bought a scroll of immolation for 49 gold pieces
 17120 | D:12     | Found a frozen archway.
 17185 | IceCv    | Entered an ice cave
 17272 | IceCv    | Reached skill level 11 in Spellcasting
 18063 | IceCv    | Noticed a frost giant
 18072 | IceCv    | Killed a frost giant
 18076 | IceCv    | Reached skill level 1 in Armour
 18076 | IceCv    | Reached XP level 13. HP: 87/92 MP: 0/0
 18076 | IceCv    | Learned a level 5 spell: Bolt of Magma
 19713 | Lair:1   | Entered Level 1 of the Lair of Beasts
 20115 | Lair:1   | Reached ***** piety under Makhleb
 20132 | Lair:1   | Noticed Urug
 20139 | Lair:1   | Killed Urug
 20612 | Lair:1   | Reached skill level 12 in Spellcasting
 21239 | Lair:2   | Found a staircase to the Shoals.
 21289 | Lair:2   | Reached skill level 5 in Invocations
 21552 | Lair:2   | Noticed a seven-headed hydra
 21561 | Lair:2   | Killed a seven-headed hydra
 22526 | Lair:3   | Upgraded the game from 0.27-a0-1272-g7c8ad2e407 to
                  | 0.27-a0-1277-g3808f8b1c9
 22806 | Lair:3   | Reached XP level 14. HP: 32/99 MP: 0/0
 23647 | Lair:3   | Found a staircase to the Snake Pit.
 23696 | Lair:3   | Found a runed translucent gate.
 23696 | Lair:3   | Found a runed translucent gate.
 23759 | Lair:3   | Found a runed translucent gate.
 24062 | Lair:3   | Noticed Leupn's ghost (journeyman GnSk)
 24564 | Lair:4   | Identified the +1 ring mail of Cheibriados's Hatred {+Blink
                  | Str+2 Slay-3 SInv}
 25979 | Lair:5   | Reached skill level 13 in Spellcasting
 26289 | Lair:5   | Reached skill level 10 in Dodging
 26295 | Lair:5   | Reached skill level 1 in Throwing
 26806 | Lair:5   | Found a staircase to the Slime Pits.
 26924 | Lair:5   | Reached skill level 5 in Armour
 27662 | Lair:6   | Entered Level 6 of the Lair of Beasts
 27721 | Lair:6   | Reached XP level 15. HP: 100/105 MP: 0/0
 27721 | Lair:6   | Learned a level 6 spell: Death Channel
 27788 | Lair:6   | Reached ****** piety under Makhleb
 31521 | Lair:3   | Killed Leupn's ghost
 32213 | Orc:1    | Entered Level 1 of the Orcish Mines
 32220 | Orc:1    | Noticed an orc warlord
 32222 | Orc:1    | Reached skill level 14 in Spellcasting
 32499 | D:11     | Killed an orc warlord
 33052 | Orc:2    | Entered Level 2 of the Orcish Mines
 33192 | Orc:2    | Reached skill level 10 in Fighting
 33192 | Orc:2    | Reached XP level 16. HP: 107/113 MP: 0/0
 33607 | Orc:2    | Found a staircase to the Elven Halls.
 34119 | Orc:2    | Found Vuutooc's Antique Weapon Shoppe.
 34124 | Orc:2    | Found Riotot's Antique Armour Emporium.
 34140 | Orc:2    | Bought a pair of runed gloves for 157 gold pieces
 34145 | Orc:2    | Bought a runed helmet for 157 gold pieces
 34363 | Orc:2    | Found Hunwol's General Store.
 34371 | Orc:2    | Bought 7 atropa-tipped darts for 50 gold pieces
 34371 | Orc:2    | Bought a potion of heal wounds for 60 gold pieces
 34371 | Orc:2    | Bought 8 boomerangs for 48 gold pieces
 34471 | Orc:2    | Found Luucsido's Assorted Antiques.
 34476 | Orc:2    | Bought a wand of iceblast (10) for 104 gold pieces
 34952 | Orc:1    | Found Nueggivi's Distillery.
 34961 | Orc:1    | Bought a potion of heal wounds for 65 gold pieces
 34961 | Orc:1    | Bought a potion of curing for 39 gold pieces
 34961 | Orc:1    | Bought a potion of curing for 39 gold pieces
 34961 | Orc:1    | Bought a potion of might for 52 gold pieces
 34961 | Orc:1    | Bought a potion of mutation for 104 gold pieces
 35310 | Shoals:1 | Entered Level 1 of the Shoals
 35310 | Shoals:1 | Found Qesace's Antique Armour Boutique.
 35538 | Shoals:1 | Bought a tattered robe for 131 gold pieces
 35538 | Shoals:1 | Identified the +2 robe "Foq Aju" {rElec rC- Str+8 Dex+4}
                  | (You bought it in a shop on level 1 of the Shoals)
 35696 | Shoals:1 | Found a runed translucent door.
 35698 | Shoals:1 | Noticed Zogoutz's ghost (adept MiFi)
 35816 | Shoals:2 | Noticed Ilsuiw
 35858 | Shoals:2 | Found a hide-covered altar of Uskayaw.
 35860 | Shoals:2 | Noticed Nikola
 36023 | Shoals:2 | Noticed Polyphemus
 36171 | Shoals:2 | Killed Ilsuiw
 36284 | Shoals:2 | Killed Nikola
 36510 | Shoals:2 | Reached skill level 10 in Evocations
 36515 | Shoals:2 | Killed Polyphemus
 36880 | Shoals:3 | Reached XP level 17. HP: 119/120 MP: 0/0
 36880 | Shoals:3 | Learned a level 6 spell: Conjure Ball Lightning
 36948 | Shoals:3 | Reached skill level 15 in Spellcasting
 37865 | Shoals:4 | Entered Level 4 of the Shoals
 38226 | Shoals:4 | Reached skill level 5 in Throwing
 38272 | Shoals:4 | HP: 4/121 [merfolk impaler (9)]
 38273 | Shoals:4 | Killed from afar by a manticore

Illustrated notes

Levels and vault maps discovered:
D:1:      kennysheep_arrival_forest, layout_basic, minmay_pentomino_u2
D:2:      layout_loops_ring, shapermc_ecumenical_altar_hornbeckon,
          kennysheep_generic_room_4, uniq_robin
D:3:      layout_rooms, serial_park_tiny_2, amcnicky_mini_pool_small
D:4:      layout_basic, uniq_duvessa
D:5:      layout_rooms, lemuel_temple_firewalk_b
D:6:      layout_rooms, gup_sewer_entry_pipe, nicolae_wand_duel,
          uniq_blork_the_orc
D:7:      layout_rooms, lemuel_mausoleum_altar_yredelemnul, grunt_ministairs_8,
          uniq_prince_ribbit1, uniq_harold, uniq_crazy_yiuf_cottage
D:8:      layout_basic, serial_shops, shop
D:9:      layout_rooms, lair_entry_dummy
D:10:     layout_loops_cross, serial_shops, kennysheep_mini_moat
D:11:     layout_cave_pods, david_orc_5, serial_park, serial_park_square1
          [serial_park_minivault_5x5_5], serial_park_square3
          [serial_park_minivault_5x5_4], serial_park_gazebo
          [serial_park_minivault_5x5_4], serial_park_tiny_1,
          serial_park_tiny_pond, nicolae_vehumet_radiance, uniq_maurice
D:12:     layout_roguey, portal_ice_cave_entry_imps, serial_shops, shop,
          chequers_serial_rivers_micro_a, uniq_rupert
Temple:   kilobyte_greek_temple
Lair:1:   layout_roguey, infiniplex_staircase_pool_2, uniq_urug
Lair:2:   wad_woods_04, layout_regular_city, minmay_shoals_entry_hut
Lair:3:   layout_regular_city, guppyfry_snake_entry_garden,
          gammafunk_ghost_necromancy, grunt_megastairs_5,
          infiniplex_staircase_pool, lemuel_fruit_tree,
          minmay_lair_oklob_chamber, serial_bayou_shore_a
Lair:4:   layout_hall_layers, cheibrodos_lair_reptile_den
Lair:5:   layout_roguey [special_room_mythical_zoo], slime_dummy,
          wad_woods_river_02
Lair:6:   guppyfry_lair_end_dragon, layout_hall_layers,
          hangedman_lair_caniforms_friends, pond
Shoals:1: layout_shoals, ebering_ghost_inner_flame, serial_shops, shop
Shoals:2: layout_shoals, lemuel_centaur_altar, uniq_nikola, uniq_polyphemus,
          uniq_ilsuiw
Shoals:3: layout_shoals
Shoals:4: shoals_end_grunt_ice, layout_shoals
Orc:1:    layout_caves, serial_shops, shop
Orc:2:    grunt_orc_community_town_hall, layout_caves,
          grunt_orc_community_big_house_2, grunt_orc_community_big_house_2,
          grunt_orc_community_house_2, grunt_orc_community_house_3,
          grunt_orc_community_house_1, grunt_orc_community_house_1,
          grunt_orc_community_house_2

Skill      XL: |  1  2  3  4  5  6  7  8  9 10 11 12 13 14 15 16 17 |
---------------+----------------------------------------------------+-----
Stealth        | 2 3 |  3.0
Fighting       | 1 2 3 4 5 6 7 8 9 10 | 10.8
Spellcasting   | 3 4 5 6 7 8 10 11 12 13 14 15 | 15.4
Dodging        | 3 4 5 6 7 8 9 10 11 | 11.7
Evocations     | 1 2 4 5 6 7 8 9 10 | 10.4
Shields        | 2 4 |  4.0
Invocations    | 2 4 5 6 7 8 |  8.6
Armour         | 1 3 5 6 |  6.2
Throwing       | 1 3 4 5 |  5.0

Action                   |  1- 3 |  4- 6 |  7- 9 | 10-12 | 13-15 | 16-18 || total
-------------------------+-------+-------+-------+-------+-------+-------++-------
Melee: Scimitar          |     2 |     1 |       |       |     7 |    19 ||    29
       Club              |       |    14 |    15 |    11 |       |       ||    40
       Spear             |       |       |       |     2 |       |       ||     2
       Short sword       |       |       |       |       |     1 |       ||     1
Throw: Dart              |       |       |     6 |     5 |     2 |       ||    13
 Cast: Shock             |    69 |    87 |   160 |    36 |     1 |     2 ||   355
       Call Imp          |       |     9 |    13 |    29 |    22 |       ||    73
       Static Discharge  |       |     3 |    20 |    13 |    14 |     4 ||    54
       Airstrike         |       |       |    38 |   253 |   437 |   237 ||   965
       Animate Skeleton  |       |       |     5 |    40 |    95 |    81 ||   221
       Lightning Bolt    |       |       |       |    33 |   154 |    95 ||   282
       Bolt of Magma     |       |       |       |       |   120 |   144 ||   264
       Yara's Violent Un |       |       |       |       |     1 |       ||     1
       Death Channel     |       |       |       |       |     3 |    30 ||    33
       Conjure Ball Ligh |       |       |       |       |       |     1 ||     1
Invok: Greater Servant o |       |       |       |       |     2 |       ||     2
Evoke: Wand              |       |       |     2 |    10 |     3 |    10 ||    25
  Use: Scroll            |       |     2 |     7 |    16 |     9 |     7 ||    41
       Potion            |       |     1 |       |     2 |     1 |     1 ||     5
 Stab: Sleeping          |       |     3 |     2 |       |     1 |       ||     6
Armor: Robe              |     8 |     7 |     5 |    15 |     8 |       ||    43
       Troll leather arm |       |       |       |       |     1 |    18 ||    19
       Acid dragon scale |       |       |       |       |     1 |       ||     1
Dodge: Dodged            |    18 |    21 |    55 |    44 |    51 |    72 ||   261
Block: Other             |     3 |     7 |    22 |     3 |       |       ||    35
       Reflection        |       |       |     2 |     7 |     2 |    19 ||    30
       Buckler           |       |       |       |    31 |    49 |    83 ||   163
       Rpst.: Scimitar   |       |       |       |       |    16 |     4 ||    20

Table legend: (Time is in decaauts)
 A = Elapsed time spent in this place.
 B = Non-inter-level travel time spent in this place.
 C = Inter-level travel time spent in this place.
 D = Time resting spent in this place.
 E = Time spent auto-exploring this place.
 F = Levels seen in this place.
 G = Mean time per level.
                   A        B        C        D        E       F      G
               +--------+--------+--------+--------+--------+-----+--------+
         Total |  38326 |  36418 |   1908 |   4928 |  24866 |  27 | 1419.5 |
       Dungeon |  17932 |  17112 |    820 |   2538 |  11953 |  12 | 1494.3 |
        Temple |     77 |     39 |     38 |      0 |      0 |   1 |   77.0 |
          Lair |  12657 |  12123 |    534 |   1202 |   9302 |   6 | 2109.5 |
        Shoals |   2792 |   2420 |    372 |    390 |    822 |   4 |  698.0 |
  Orcish Mines |   2371 |   2228 |    143 |     59 |   1532 |   2 | 1185.5 |
         Sewer |    634 |    634 |      0 |      0 |    529 |   1 |  634.0 |
      Ice Cave |   1860 |   1860 |      0 |    739 |    728 |   1 | 1860.0 |
               +--------+--------+--------+--------+--------+-----+--------+

Top non-repeatable levels by time:
  Lair:6: 3510 daAuts
    D:11: 3043 daAuts
     D:7: 2910 daAuts
  Lair:3: 2369 daAuts
  Lair:5: 2218 daAuts
   IceCv: 1860 daAuts
     D:8: 1829 daAuts
  Lair:1: 1681 daAuts
   Orc:2: 1603 daAuts
  Lair:2: 1447 daAuts
     D:2: 1447 daAuts
  Lair:4: 1429 daAuts
     D:4: 1323 daAuts
    D:10: 1299 daAuts
     D:1: 1294 daAuts
